 Dungeon Crawl Stone Soup version 0.28.0-53-g5a82cb258f (webtiles) character file.

Game seed: 4632447679477751510

632 H0rd4k the Charlatan (level 7, -1/52 HPs)
             Began as a Human Artificer on May 25, 2022.
             Slain by a gnoll
             ... wielding a +0 club
              (7 damage)
             ... on level 4 of the Dungeon.
             The game lasted 00:07:21 (6421 turns).

H0rd4k the Charlatan (Human Artificer)              Turns: 6421, Time: 00:07:22

Health: -1/52      AC:  4    Str: 12    XL:     7   Next: 78%
Magic:  16/16      EV: 12    Int: 13    God:
Gold:   109        SH:  0    Dex: 14    Spells: 6/6 levels left

rFire   + . .      SeeInvis +   w - +10 mace of Disaster {elec, rF+ rC+}
rCold   + . .      Faith    .   (no shield)
rNeg    . . .      Spirit   .   k - +1 leather armour {Will+}
rPois   .          Reflect  .   (no helmet)
rElec   .          Harm     .   (no cloak)
rCorr   .          Rampage  .   (no gloves)
Will    +....                   (no boots)
Stlth   +.........              (no amulet)
HPRegen 0.17/turn               g - ring of see invisible
MPRegen 0.15/turn               l - ring of magical power

@: no status effects
A: no striking features
a: no special abilities


You were on level 4 of the Dungeon.
You visited 1 branch of the dungeon, and saw 6 of its levels.

You collected 109 gold pieces.

Inventory:

Hand Weapons
 u - a +1 whip of draining
 w - the +10 mace of Disaster (weapon) {elec, rF+ rC+}
   (You found it on level 4 of the Dungeon)

   It occasionally discharges a powerful burst of electricity upon striking a
   foe.
   rF:        It protects you from fire.
   rC:        It protects you from cold.
Missiles
 h - 11 silver javelins (quivered)
Armour
 k - a +1 leather armour of willpower (worn)
Jewellery
 g - a ring of see invisible (left hand)
 l - a ring of magical power (right hand)
 p - a +6 ring of dexterity
 t - a ring of poison resistance
 x - an amulet of reflection
Wands
 b - a wand of acid (3)
 d - a wand of charming (5)
Scrolls
 c - a scroll of torment {unknown}
 f - a scroll of summoning {unknown}
 i - 3 scrolls of immolation {unknown}
 j - a scroll of fear {unknown}
 m - a scroll of teleportation {unknown}
 n - 7 scrolls of identify {unknown}
 o - a scroll of fog {unknown}
 q - a scroll of vulnerability {unknown}
 r - a scroll of noise {unknown}
Potions
 a - a potion of mutation {unknown}
 s - a potion of degeneration {unknown}
 v - a potion of heal wounds {unknown}
Miscellaneous
 e - a piece from Xom's chessboard (15/15)


   Skills:
 + Level 3.4 Fighting
 + Level 4.3 Maces & Flails
 - Level 2.0 Armour
 + Level 3.6 Dodging
 - Level 1.0 Stealth
 + Level 4.8 Evocations


You had 6 spell levels left.
You didn't know any spells.
Your spell library contained the following spells:

 Spells                   Type           Power      Damage    Failure   Level
 Freeze                   Ice            0%         1d3       36%         1
 Sublimation of Blood     Necr           0%         N/A       52%         2
 Wereblood                Tmut           0%         N/A       52%         2
 Frozen Ramparts          Ice            0%         1d2       75%         3
 Hailstorm                Conj/Ice       0%         3d3       98%         4
 Summon Hydra             Summ           0%         N/A       100%        7


Dungeon Overview and Level Annotations

Branches:
Dungeon (6/15)
 Temple: D:4-7

Altars:

Shops:
D:1 *   D:2 :

Annotations:
D:2 exclusion: downstairs
D:3 1 runed translucent door, exclusion: door, Crazy Yiuf, Grinder
D:4 exclusions: skeleton and upstairs


Message History

There is an open door here.
You see here a +0 spear.
There are monsters nearby!
You see here a +0 spear.
Saving game... please wait.
Level annotation: exclusions: skeleton and upstairs Welcome back, H0rd4k the Human Artificer.
Press ? for a list of commands and other information.
You see here a +0 spear.
The gnoll shouts!
You hear a shout! x2; The gnoll shouts!
You see here a +0 spear.
There is an open door here.
A gnoll comes into view. It is wielding a +0 club.
There is an open door here.
A gnoll comes into view. It is wielding a +0 spear.
The gnoll shouts!
The gnoll misses you.
You see here a +0 spear.
You barely miss the gnoll. The gnoll hits you with a +0 spear.
The gnoll hits you but does no damage. The gnoll barely misses you.
You closely miss the gnoll. The gnoll hits you but does no damage.
The gnoll hits you from afar with a +0 halberd!
The gnoll hits you with a +0 spear.
You hit the gnoll.
The gnoll is moderately wounded.
The gnoll hits you but does no damage. The gnoll barely misses you.
The gnoll hits you with a +0 spear. The gnoll hits you but does no damage.
You thump the gnoll!
The gnoll is almost dead.
The gnoll hits you from afar with a +0 halberd.
The gnoll hits you with a +0 spear! The gnoll barely misses you.
You sock the gnoll!
You kill the gnoll!
The gnoll hits you from afar with a +0 halberd!
* * * LOW HITPOINT WARNING * * *
The gnoll hits you from afar with a +0 spear.
* * * LOW HITPOINT WARNING * * *
You barely miss the gnoll. The gnoll misses you.
The gnoll hits you with a +0 club!
You die...

.# #.# ######.#### #.#
###<<........# #.#
.......#.##...##.## .##.##.#
#.......$## .##..).#
..........##### .##....#
#..g..g.g...... .###...# #g#
.####..# #@# .# .......# #.#
##.# #####.## ##'## #.. #.#
##...## #.. #.## ##.....##
#.### #..## ##.......##
#.#.##
##...####.........###....####
#.......'.........'.)........
##.....##.........###....####


You could see 3 gnolls.

Vanquished Creatures
  A phantom (D:5)
  A bullfrog (D:3)
  2 water moccasin skeletons (D:4)
  A bullfrog zombie (D:5)
  A centaur skeleton (D:6)
  A gnoll shaman (D:4)
  An iguana (D:5)
  An orc wizard (D:6)
  2 hound skeletons (D:4)
  3 gnolls
  6 adders
  2 ufetubi
  A worm (D:3)
  4 dart slugs
  3 orcs (D:6)
  3 ball pythons
  4 bats
  8 endoplasms
  3 giant cockroaches
  8 goblins
  8 hobgoblins
  3 jackals (D:4)
  7 kobolds
  2 quokkas
  3 frilled lizards
  4 rats
83 creatures vanquished.

Vanquished Creatures (collateral kills)
  Terence (D:3)
  A gnoll (D:3)
  An adder (D:6)
  An endoplasm (D:3)
  A frilled lizard (D:3)
  A rat (D:3)
6 creatures vanquished.

Vanquished Creatures (others)
  A necrophage (D:6)
  An ogre (D:3)
  A gnoll (D:3)
3 creatures vanquished.

Grand Total: 92 creatures vanquished

Notes
Turn   | Place    | Note
-------+----------+-------------------------------------------
     0 | D:1      | H0rd4k the Human Artificer began the quest for the Orb.
     0 | D:1      | Reached XP level 1. HP: 15/15 MP: 1/1
   271 | D:1      | Reached XP level 2. HP: 18/21 MP: 2/2
   558 | D:1      | HP: 1/21 [frozen (5)]
  1325 | D:1      | Found Uxesonit's General Store.
  1335 | D:1      | Reached XP level 3. HP: 24/26 MP: 3/3
  2202 | D:2      | Reached XP level 4. HP: 28/32 MP: 4/4
  2268 | D:2      | Found Jodabb Pyar's Book Boutique.
  2424 | D:3      | Noticed Terence
  2432 | D:3      | Reached skill level 1 in Maces & Flails
  2882 | D:3      | Noticed a bullfrog
  2896 | D:3      | Killed Terence
  2968 | D:3      | Reached XP level 5. HP: 23/38 MP: 5/5
  3436 | D:3      | Killed a bullfrog
  3665 | D:3      | Noticed an ogre
  3665 | D:3      | You fall into a shaft and drop 3 floors!
  3665 | D:6      | Noticed a necrophage
  3698 | D:6      | Reached XP level 6. HP: 37/46 MP: 6/6
  4237 | D:5      | Entered Level 5 of the Dungeon
  4264 | D:5      | Reached XP level 7. HP: 16/51 MP: 7/7
  4929 | D:3      | Noticed Grinder
  5225 | D:3      | Found a runed translucent door.
  5594 | D:3      | Noticed Crazy Yiuf
  5981 | D:4      | Identified the +10 mace of Disaster {elec, rF+ rC+}
  6421 | D:4      | Slain by a gnoll

Illustrated notes

Levels and vault maps discovered:
D:1:      minmay_arrival_shattered_statue, layout_loops_cross, serial_shops,
          shop
D:2:      layout_basic, serial_shops, nicolae_shop_behind_doors
D:3:      layout_basic, uniq_grinder, uniq_crazy_yiuf_cottage, uniq_terence
D:4:      wander_river, layout_loops_corners, minmay_temple_entry_mist,
          kennysheep_generic_room_11
D:5:      layout_rooms, sigmund_army, uniq_eustachio
D:6:      layout_cave_pods, nicolae_shop_fire_sale [nicolae_sub_dead_trees]

Skill      XL: |  1  2  3  4  5  6  7 |
---------------+----------------------+-----
Evocations     | 4 |  4.8
Maces & Flails | 1 2 3 4 |  4.3
Fighting       | 2 3 |  3.4
Dodging        | 2 3 |  3.6
Armour         | |  2.0
Stealth        | |  1.0

Action                   |  1- 3 |  4- 6 |  7- 9 || total
-------------------------+-------+-------+-------++-------
Melee: Club              |   132 |   122 |    67 ||   321
       Punch             |     1 |     3 |     3 ||     7
       Whip              |       |       |    47 ||    47
       Mace              |       |       |    25 ||    25
Evoke: Wand              |     4 |    20 |     6 ||    30
 Stab: Sleeping          |     2 |       |       ||     2
       Distracted        |       |     1 |       ||     1
Armor: Leather armour    |    43 |    58 |    44 ||   145
Dodge: Dodged            |    99 |   107 |   106 ||   312
